 Dungeon Crawl Stone Soup version 0.30.1-4-g462c640d31 (webtiles) character file.

Game seed: 7217954742455315982

47 safid the Chiller (level 3, -1/27 HPs)
             Began as a Merfolk Ice Elementalist on Aug 31, 2023.
             Slain by a rat (2 damage)
             ... on level 3 of the Dungeon.
             The game lasted 00:02:16 (2068 turns).

safid the Chiller (Merfolk Ice Elementalist)        Turns: 2068, Time: 00:02:17

Health: -1/27      AC:  2    Str:  8    XL:     3   Next: 70%
Magic:  4/6        EV: 12    Int: 16    God:
Gold:   41         SH:  3    Dex: 14    Spells: 3/7 levels left

rFire   . . .        l - +1 short sword (speed)
rCold   . . .        c - +0 buckler
rNeg    . . .        a - +0 robe
rPois   .            (no helmet)
rElec   .            (no cloak)
rCorr   .            (no gloves)
SInv    .            (no boots)
Will    .....        (no amulet)
Stlth   ++           (no ring)
HPRegen 0.24/turn    (no ring)
MPRegen 0.10/turn

%: no passive effects
@: no status effects
A: (nimble swimmer 2), mertail
a: no special abilities


You were on level 3 of the Dungeon.
You visited 1 branch of the dungeon, and saw 3 of its levels.

You collected 41 gold pieces.

Inventory:

Hand Weapons
 l - a +1 short sword of speed (weapon)
Armour
 a - a +0 robe (worn)
 c - a +0 buckler (worn)
Wands
 o - a wand of flame (22)
Scrolls
 d - a scroll of butterflies {unknown}
 f - 2 scrolls of poison {unknown}
 h - 5 scrolls of identify {unknown}
 i - a scroll of fear {unknown}
 j - a scroll of vulnerability {unknown}
 n - a scroll of fog {unknown}
 p - a scroll of teleportation {unknown}
 q - a scroll of blinking {unknown}
Potions
 b - 2 potions of magic
 e - a potion of haste {unknown}
 g - a potion of lignification {unknown}
 m - a potion of flight {unknown}
 r - a potion of ambrosia {unknown}


   Skills:
 + Level 1.8 Fighting
 + Level 2.7 Dodging
 - Level 2.1 Stealth
 + Level 0.1 Shields
 + Level 2.6 Spellcasting
 + Level 4.9 Ice Magic


You had 3 spell levels left.
You knew the following spells:

 Your Spells              Type           Power      Damage    Failure   Level
a - Freeze                Ice            68%        1d8       4%          1
b - Frozen Ramparts       Ice            34%        1d6       13%         3

Your spell library contained the following spells:

 Spells                   Type           Power      Damage    Failure   Level
 Ozocubu's Armour         Ice            17%        N/A       13%         3
 Sublimation of Blood     Necr           2%         N/A       43%         2
 Wereblood                Tmut           2%         N/A       43%         2
 Summon Ice Beast         Ice/Summ       9%         N/A       75%         4
 Summon Lightning Spire   Summ/Air       2%         N/A       97%         4
 Storm Form               Tmut/Air       1%         N/A       100%        7
 Summon Hydra             Summ           1%         N/A       100%        7
 Maxwell's Capacitive Co  Air            1%         ∞         100%        8


Dungeon Overview and Level Annotations

Branches:
Dungeon (3/15)

Altars:


Innate Abilities, Weirdness & Mutations

((You are very nimble when in or above water. (Stealth+, EV+, Speed+++)))
Your lower body shifts to a powerful aquatic tail in water.


Message History

You hit the phantom.
The phantom is severely damaged.
Unknown command.
You miss the phantom.
The phantom is severely damaged.
The goblin shouts!
The phantom hits you.
* * * LOW HITPOINT WARNING * * *
The phantom blinks!
You blink.
Unknown command.
You closely miss the phantom.
The phantom is severely damaged.
The phantom barely misses you.
Unknown command.
You closely miss the phantom.
The phantom is severely damaged.
The phantom hits you.
* * * LOW HITPOINT WARNING * * *
The rat bites you but does no damage.
Unknown command.
You feel better. The phantom hits you!
* * * LOW HITPOINT WARNING * * *
You block the rat's attack. The rat bites you but does no damage.
You block the goblin's attack.
An orc comes into view. It is wielding a +0 falchion.
Unknown command.
You barely miss the phantom.
The phantom is severely damaged.
The orc shouts!
Unknown command.
You closely miss the phantom.
The phantom is severely damaged.
An endoplasm comes into view.
The phantom hits you but does no damage.
The rat barely misses you. x2; The goblin closely misses you.
Unknown command.
You closely miss the phantom.
The phantom is severely damaged.
The orc barely misses you. The rat completely misses you. The rat bites you.
You die...

. ..# >#. #. ...
###.#.. ... # .$#...
.## .....
#.#..#######.##
#..#####.#............
##..r@o#..........##.#
##.$.grW..#....$.....[§
#.....rS...........##o#
##.................#..#
##........##........#
#o........##.......##
...........##.......#
.........#.##.#####.#
........##.... .#


You could see a phantom, an adder, 2 orcs, a goblin and 3 rats.

Vanquished Creatures
  A worm (D:2)
  A bat (D:1)
  5 endoplasms
  2 giant cockroaches (D:1)
  3 goblins
  5 hobgoblins
  4 jackals (D:1)
  4 kobolds (D:1)
  3 quokkas
  4 ball pythons
  A frilled lizard (D:1)
  2 rats
35 creatures vanquished.

Notes
Turn   | Place    | Note
-------+----------+-------------------------------------------
     0 | D:1      | safid the Merfolk Ice Elementalist began the quest for the
                  | Orb.
     0 | D:1      | Reached XP level 1. HP: 13/13 MP: 3/3
   241 | D:1      | Reached XP level 2. HP: 17/20 MP: 5/5
   295 | D:1      | Reached skill level 1 in Fighting
   731 | D:1      | Reached XP level 3. HP: 15/26 MP: 6/6
   735 | D:1      | Learned a level 3 spell: Frozen Ramparts
  2037 | D:3      | Noticed a phantom
  2065 | D:3      | HP: 1/27 [phantom (7)]
  2068 | D:3      | Slain by a rat

Illustrated notes

Levels and vault maps discovered:
D:1:      wander_arrival_lonely_grave, layout_loops_corners,
          corexii_item_surrounded_by_moat, item_on_display_b
D:2:      layout_loops_ring, minmay_misc_feat_room,
          chequers_serial_rivers_large_b
D:3:      layout_rooms, nicolae_vehumet_radiance, minmay_between

Skill      XL: |  1  2 |
---------------+-------+-----
Fighting       | 1 |  1.8
Dodging        | |  2.7
Stealth        | |  2.1
Shields        | |  0.1
Spellcasting   | |  2.6
Ice Magic      | |  4.9

Action                     || total
---------------------------++-------
  Melee: Short sword       ||   131
         Tailslap          ||     1
   Cast: Freeze            ||    26
    Use: Potion            ||     2
   Stab: Sleeping          ||     3
 Armour: Robe              ||    21
  Dodge: Dodged            ||    93
  Block: Buckler           ||     4
